 Dungeon Sprint DCSS version 0.31-a0-788-ga445dbd2db (webtiles) character file.

Game seed: 11645121975490894406

30766 Conn the Scorcher (level 13, -5/79 HPs)
             Began as an Octopode Fire Elementalist on Sept 18, 2023.
             Was a High Priest of Sif Muna.
             Killed by an exploding ball lightning (62 damage)
             ... set off by themself
             ... in the Dungeon (Sprint I: "Red Sonja").
             The game lasted 00:55:38 (4652 turns).

Conn the Scorcher (Octopode Fire Elementalist)      Turns: 4652, Time: 00:55:38

Health: -5/79      AC:  6    Str:  7    XL:     13   Next: 53%
Magic:  6/31       EV: 20    Int: 23    God:    Sif Muna [*****.]
Gold:   1514       SH:  5    Dex: 12    Spells: 0/40 levels left

rFire   . . .        r - +9 spear of Ignis's Approval {elec, rC+ rCorr}
rCold   + . .        q - sphere of Battle
rNeg    . . .        k - +1 hat
rPois   .            M - amulet of reflection
rElec   .            D - ring of flight
rCorr   +            E - +4 ring of slaying
SInv    .            F - ring of resist corrosion
Will    .....        H - +5 ring of evasion
Stlth   ++++         N - +4 ring of protection
HPRegen 0.33/turn    O - ring of wizardry
MPRegen 0.22/turn    (no ring)
                     (no ring)

%: no teleportation, reflection, wizardry (x1)
@: channelling, flying, studying Ranged Weapons
A: almost no armour, amphibious, 8 rings, camouflage 1, gelatinous body 1,
(nimble swimmer 1), tentacles, screaming 1, inability to read after injury 1
a: Renounce Religion, Channel Magic, Forget Spell, Divine Exegesis


You were in the Dungeon.
You worshipped Sif Muna.
Sif Muna was extremely pleased with you.
You visited 1 branch You collected 6254 gold pieces.
You spent 4740 gold pieces at shops.

Inventory:

Hand Weapons
 g - a +6 club
 r - the +9 spear of Ignis's Approval (weapon) {elec, rC+ rCorr}
   (You bought it in a shop in the Dungeon)

   rC+:       It protects you from cold.
   rCorr:     It protects you from acid and corrosion.
 s - the +1 dagger of Shame {pain, Will+}
   (You bought it in a shop in the Dungeon)

   Will+:     It increases your willpower.
 t - the +1 hand axe "Edyetzy" {heavy, rF++ Int+3}
   (You found it in the Dungeon)

   Int+3:     It affects your intelligence (+3).
   rF++:      It greatly protects you from fire.
 J - the +6 long sword "Earthworm" {heavy, Fly rElec Str+3}
   (You found it in the Dungeon)

   Str+3:     It affects your strength (+3).
   rElec:     It insulates you from electricity.
   Fly:       It grants you flight.
 L - the +9 war axe of Trial by Ordeal {protect, Will++ Str+4 Dex-3}
   (You bought it in a shop in the Dungeon)

   Str+4:     It affects your strength (+4).
   Dex-3:     It affects your dexterity (-3).
   Will++:    It greatly increases your willpower.
Missiles
 i - 3 curare-tipped darts (quivered)
Armour
 h - a +2 kite shield of protection
 k - a +1 hat (worn)
 q - the sphere of Battle (worn)
   (You acquired it in the Dungeon)

   Battle:    It summons a battlesphere in combat, with strength depending on
   Conjurations skill.
   Destructive: It enhances your destructive magic, and weakens non-destructive
   magic.
 I - a +1 tower shield of fire resistance
Magical Staves
 u - a staff of fire
Jewellery
 m - an amulet of magic regeneration
 D - a ring of flight (left tentacle)
 E - a +4 ring of slaying (right tentacle)
 F - a ring of resist corrosion (on tentacle)
 H - a +5 ring of evasion (on tentacle)
 M - an amulet of reflection (around mantle)
 N - a +4 ring of protection (on tentacle)
 O - a ring of wizardry (on tentacle)
Wands
 e - a wand of polymorph (10)
 o - a wand of flame (6)
 v - a wand of digging (5)
 G - a wand of mindburst (5)
 K - a wand of acid (6)
Scrolls
 j - a scroll of poison
 w - a scroll of enchant armour {unknown}
 y - a scroll of vulnerability
 z - a scroll of revelation
 A - a scroll of butterflies
Potions
 a - 4 potions of magic
 b - 3 potions of curing
 d - a potion of resistance
 x - a potion of cancellation
Miscellaneous
 n - a condenser vane
 p - a phantom mirror (inert)
 B - a box of beasts
 C - a lightning rod (4/4)


   Skills:
 + Level 3.8 Fighting
 + Level 1.9 Maces & Flails
 + Level 4.4 Throwing
 + Level 7.2 Dodging
 - Level 6.7 Stealth
 - Level 11.6 Shields
 + Level 2.6 Unarmed Combat
 - Level 14.0 Spellcasting
 * Level 16.7 Conjurations
 - Level 3.0 Hexes
 * Level 0.2 Summonings
 + Level 18.9 Fire Magic
 * Level 10.4 Ice Magic
 + Level 2.3 Earth Magic
 * Level 10.8 Invocations


You couldn't memorise any spells.
You knew the following spells:

 Your Spells              Type           Power      Damage    Failure   Level
a - Foxfire               Conj/Fire      100%       2x1d9     0%          1
b - Scorch                Fire           100%       2d9       0%          2
c - Inner Flame           Hex/Fire       79%        N/A       1%          3
d - Orb of Destruction    Conj           48%        9d13      1%          7
e - Hailstorm             Conj/Ice       87%        3d17      1%          3
f - Fireball              Conj/Fire      49%        3d19      1%          5
g - Starburst             Conj/Fire      49%        6d13      1%          6
h - Metabolic Englaciati  Hex/Ice        11%        N/A       2%          5
i - Stone Arrow           Conj/Erth      100%       3d13      1%          3
k - Summon Guardian Gole  Hex/Summ       11%        N/A       2%          3
l - Blink                 Tloc           16%        N/A       2%          2

Your spell library contained the following spells:

 Spells                   Type           Power      Damage    Failure   Level
 Magic Dart               Conj           100%       1d8       0%          1
 Searing Ray              Conj           100%       2d8       0%          2
 Shock                    Conj/Air       100%       1d9       1%          1
 Slow                     Hex            56%        N/A       1%          1
 Summon Small Mammal      Summ           32%        N/A       1%          1
 Call Imp                 Summ           16%        N/A       1%          2
 Ensorcelled Hibernation  Hex/Ice        46%        N/A       1%          2
 Momentum Strike          Conj/Tloc      100%       3d10      1%          2
 Passwall                 Tmut/Erth      8%         N/A       1%          2
 Static Discharge         Conj/Air       100%       2-7/arc   1%          2
 Dazzling Flash           Conj/Hex       100%       N/A       1%          3
 Sigil of Binding         Hex            14%        N/A       1%          3
 Volatile Blastmotes      Fire/Tloc      100%       2d18      1%          3
 Brom's Barrelling Bould  Conj/Erth      74%        2d9       1%          4
 Flame Wave               Conj/Fire      98%        2d20      1%          4
 Fulminant Prism          Conj/Hex       37%        3d17      1%          4
 Iskenderun's Mystic Bla  Conj/Tloc      69%        2d14      1%          4
 Sticky Flame             Conj/Fire      98%        2d11      1%          4
 Summon Ice Beast         Ice/Summ       20%        N/A       1%          4
 Arcjolt                  Conj/Air       34%        1d44      1%          5
 Freezing Cloud           Conj/Ice/Air   36%        6-21      1%          5
 Irradiate                Conj/Tmut      34%        3d23      1%          5
 Iskenderun's Battlesphe  Conj           96%        2d14      1%          5
 Swiftness                Air            8%         N/A       4%          3
 Leda's Liquefaction      Hex/Erth       7%         N/A       4%          4
 Conjure Ball Lightning   Conj/Air       34%        3x3d11    8%          6
 Anguish                  Hex/Necr       5%         N/A       9%          4
 Airstrike                Air            12%        2d(2-18)  16%         4
 Manifold Assault         Tloc           8%         N/A       16%         4
 Yara's Violent Unravell  Hex/Tmut       17%        3d8       22%         5
 Borgnjor's Vile Clutch   Necr/Erth      5%         N/A       26%         5
 Summon Forest            Summ/Tloc      4%         N/A       36%         5
 Alistair's Intoxication  Tmut/Pois      5%         N/A       38%         5
 Fire Storm               Conj/Fire      49%        8d12      67%         9
 Eringya's Noxious Bog    Tmut/Pois      12%        4d6       89%         6
 Haunt                    Necr/Summ      4%         N/A       100%        7
 Malign Gateway           Summ/Tloc      4%         N/A       100%        7
 Monstrous Menagerie      Summ           4%         N/A       100%        7
 Summon Hydra             Summ           4%         N/A       100%        7
 Chain Lightning          Conj/Air       34%        3d46      100%        9


Dungeon Overview and Level Annotations

Branches:
Dungeon (1/1)

Altars:
Cheibriados
Dithmenos
Elyvilon
Fedhas
Gozag
Hepliaklqana
Kikubaaqudgha
Makhleb
Nemelex Xobeh
Okawaru
Qazlal
Ru
Sif Muna
Trog
Uskayaw
Vehumet
Wu Jian
Xom
Yredelemnul
Zin
The Shining One
Jiyva
Lugonu

Shops:
D (:=?[*?*=!:?(((([*![=[

Annotations:
D Lom Lobon


Innate Abilities, Weirdness & Mutations

You cannot wear most types of armour.
You are amphibious.
You can wear up to eight rings at the same time.
Your skin changes colour to match your surroundings (Stealth+).
Your rubbery body absorbs attacks. (AC +1, EV +1)
((You are camouflaged when in or above water. (Stealth+)))
You have tentacles for arms and can constrict up to eight enemies at once.
You occasionally shout uncontrollably at your foes.
You occasionally lose the ability to read scrolls when taking damage.


Message History

Confirm with . or Enter, or press ? or * to list all spells.
Aiming: Fireball (safe; 1% risk of failure)
Press: ? - help, Shift-Dir - straight line You feel a surge of power!
The fireball explodes!
The fireball engulfs Lom Lobon!
Lom Lobon resists.
Lom Lobon is heavily wounded.
The fireball engulfs the ball lightning.
The ball lightning completely resists.
The ball lightning is heavily damaged.
Your battlesphere fires!
The barrage of energy hits the ball lightning!
The ball lightning explodes!
The blast of lightning engulfs the ball lightning.
The ball lightning completely resists.
The blast of lightning engulfs Lom Lobon.
Lom Lobon completely resists.
The ball lightning explodes!
The blast of lightning engulfs your battlesphere.
Your battlesphere completely resists.
The blast of lightning engulfs Lom Lobon.
Lom Lobon completely resists.
The blast of lightning engulfs you!!
Unknown command.
Unknown command.
Casting: Fireball (safe; 1% risk of failure)
Confirm with . or Enter, or press ? or * to list all spells.
Aiming: Orb of Destruction (dangerous; 1% risk of failure)
Press: ? - help, Shift-Dir - straight line, f - Lom Lobon
Aim: Lom Lobon (whirling frost, heavily wounded, surrounded by restless winds)
You feel a surge of power!
Your battlesphere fires!
The barrage of energy hits Lom Lobon!!
Lom Lobon is heavily wounded.
Your battlesphere expends the last of its energy and dissipates.
Lom Lobon gestures.
The wavering orb of destruction hits the ball lightning!!
The ball lightning explodes!
The blast of lightning engulfs the ball lightning.
The ball lightning completely resists.
The blast of lightning engulfs you!!!
Ouch! That really hurt!
You die...

.#.###.§.#######'#§.§§§#####....#
§#'#.###§#.[.##.)#.[.§.#...#....#
##...#)#§##...#.)##§...#b∩.#....#
○#...###..###.#..≈###§##...#....#
.○.....##.#)#.#..≈..#[####§#○○○.#
.#.....#..###.#..≈.##'#.§.§##.○.#
☼###++##.##...#.§§##...§§§§.##..#
###..###..#'###.§§#....§§§§..#○.#
####..###...#.≈.@##§....§§...##.#
#..#).#.###)#.≈○○#.§.....§§§..#.#
#.....°...#.###*.#.....)....§§#.#
#.....°°..#)#,+.°##..........##○#
'......####'#,##&##..........#○.#
##...###○.).#,#§*§##........##..#
[#####.).####,#§~§§##(....(##☼..#
.......###^,,,#~~§§~########...°#
...#####,^,,####§~§~#~~~~~#○○..°#


You could see Lom Lobon (gusty) and 2 ball lightnings.

Vanquished Creatures
  the Lernaean hydra (D)
  A golden dragon (D)
  A deep elf master archer (D)
  A shadow dragon (D)
  A daeva (D)
  4 fire giants (D)
  A deep elf annihilator (D)
  A lorocyproca (D)
  A mummy priest (D)
  A hydra (D)
  2 centaur warriors (D)
  4 demonic crawlers (D)
  Sonja (D)
  A deep troll (D)
  A lindwurm (D)
  2 oklob plants (D)
  8 shining eyes (D)
  2 merfolk sirens (D)
  2 gargoyles (D)
  2 kobold demonologists (D)
  7 unseen horrors (D)
  A hellwing (D)
  A meliai (D)
  5 hornets (D)
  A slime creature (D)
  Sigmund (D)
  13 hogs (D)
  A yak (D)
  2 redbacks (D)
  7 floating eyes (D)
  An ogre (D)
  7 necrophages (D)
  8 jellies (D)
  Ijyb (D)
  5 ball lightnings (D)
99 creatures vanquished.

Vanquished Creatures (others)
  16 ball lightnings (D)
  2 ballistomycete spores (D)
  103 foxfires (D)
121 creatures vanquished.

Grand Total: 220 creatures vanquished

Notes
Turn   | Place    | Note
-------+----------+-------------------------------------------
     0 | D        | Conn the Octopode Fire Elementalist began the quest for the
                  | Orb.
     0 | D        | Reached XP level 1. HP: 11/11 MP: 3/3
     4 | D        | Noticed Ijyb
     9 | D        | Killed Ijyb
    10 | D        | Reached skill level 4 in Fire Magic
    10 | D        | Reached XP level 2. HP: 13/17 MP: 0/6
    10 | D        | Reached XP level 3. HP: 17/21 MP: 0/7
    66 | D        | Learned a level 2 spell: Scorch
    70 | D        | Learned a level 3 spell: Inner Flame
    76 | D        | Noticed an ogre
    81 | D        | Killed an ogre
    82 | D        | Reached skill level 1 in Unarmed Combat
    82 | D        | Reached skill level 5 in Spellcasting
    82 | D        | Reached skill level 6 in Fire Magic
    82 | D        | Reached XP level 4. HP: 17/27 MP: 1/11
   175 | D        | Learned a level 4 spell: Flame Wave
   176 | D        | Noticed Sigmund
   181 | D        | Killed Sigmund
   182 | D        | Reached skill level 8 in Fire Magic
   182 | D        | Reached XP level 5. HP: 31/31 MP: 7/14
   182 | D        | Reached XP level 6. HP: 36/36 MP: 7/15
   245 | D        | Found an ornate altar of the Wu Jian Council.
   245 | D        | Found a shimmering blue altar of Sif Muna.
   247 | D        | Found a radiant altar of Vehumet.
   251 | D        | Became a worshipper of Sif Muna the Loreminder
   254 | D        | Reached skill level 5 in Stealth
   254 | D        | Reached skill level 5 in Conjurations
   280 | D        | Found a burning altar of Makhleb.
   280 | D        | Found a viscous altar of Jiyva.
   280 | D        | Found a shimmering altar of Xom.
   280 | D        | Found a corrupted altar of Lugonu.
   280 | D        | Noticed a slime creature
   286 | D        | Killed a slime creature
   287 | D        | Reached skill level 9 in Fire Magic
   287 | D        | Reached XP level 7. HP: 18/41 MP: 5/18
   403 | D        | Noticed Sonja
   406 | D        | Killed Sonja
   406 | D        | Reached * piety under Sif Muna
   407 | D        | Reached skill level 10 in Spellcasting
   407 | D        | Reached skill level 10 in Fire Magic
   407 | D        | Reached XP level 8. HP: 46/46 MP: 13/22
   507 | D        | Found Lamefrut's Weapon Boutique.
   529 | D        | Found Qalobb's Magic Scroll Emporium.
   529 | D        | Found an ancient bone altar of Kikubaaqudgha.
   529 | D        | Found a hazy altar of Hepliaklqana.
   529 | D        | Found a stormy altar of Qazlal.
   529 | D        | Found a hide-covered altar of Uskayaw.
   529 | D        | Found a blossoming altar of Fedhas.
   529 | D        | Found a bloodstained altar of Trog.
   529 | D        | Found an iron altar of Okawaru.
   529 | D        | Found a basalt altar of Yredelemnul.
   529 | D        | Found a glowing golden altar of the Shining One.
   529 | D        | Found a snail-covered altar of Cheibriados.
   529 | D        | Found a sacrificial altar of Ru.
   529 | D        | Found a glowing silver altar of Zin.
   529 | D        | Found a shadowy altar of Dithmenos.
   529 | D        | Found a white marble altar of Elyvilon.
   529 | D        | Noticed a yak
   531 | D        | Killed a yak
   532 | D        | Reached skill level 11 in Fire Magic
   532 | D        | Found an opulent altar of Gozag.
   533 | D        | Found a sparkling altar of Nemelex Xobeh.
   537 | D        | Bought a scroll of poison for 44 gold pieces
   580 | D        | Noticed a deep troll
   594 | D        | Killed a deep troll
   595 | D        | Reached skill level 5 in Dodging
   623 | D        | Found Ikosofen's Armour Emporium.
   630 | D        | Bought a +1 hat for 154 gold pieces
   630 | D        | Bought a +0 buckler for 63 gold pieces
   695 | D        | Noticed a kobold demonologist
   697 | D        | Noticed a kobold demonologist
   699 | D        | Killed a kobold demonologist
   699 | D        | Reached ** piety under Sif Muna
   699 | D        | Killed a kobold demonologist
   700 | D        | Reached skill level 1 in Throwing
   700 | D        | Reached skill level 12 in Fire Magic
   700 | D        | Reached XP level 9. HP: 51/51 MP: 17/25
   735 | D        | Noticed a centaur warrior
   744 | D        | Noticed a centaur warrior
   748 | D        | Killed a centaur warrior
   749 | D        | Noticed a hornet
   751 | D        | Killed a hornet
   751 | D        | Reached *** piety under Sif Muna
   752 | D        | Killed a centaur warrior
   753 | D        | Reached skill level 13 in Fire Magic
   753 | D        | Reached XP level 10. HP: 48/57 MP: 15/27
   783 | D        | Noticed an oklob plant
   787 | D        | Killed an oklob plant
   817 | D        | Reached skill level 1 in Hexes
   820 | D        | Reached **** piety under Sif Muna
   821 | D        | Reached skill level 5 in Shields
   885 | D        | Paralysed by a floating eye for 4 turns
   893 | D        | Reached ***** piety under Sif Muna
   894 | D        | Received a gift from Sif Muna
   901 | D        | Killed an unseen horror
   902 | D        | Reached skill level 1 in Fighting
   905 | D        | Killed an unseen horror
   906 | D        | Got rare book {god gift}
   919 | D        | Reached skill level 14 in Fire Magic
   934 | D        | Received a gift from Sif Muna
  1033 | D        | Found Jyip's General Store.
  1033 | D        | Found Kimpar's Magic Scroll Shop.
  1033 | D        | Found Waenidompe's Jewellery Boutique.
  1035 | D        | Found Esuu's Distillery.
  1035 | D        | Found Kemimomn's Book Shop.
  1035 | D        | Found Uxehaaxt's Magic Scroll Shoppe.
  1035 | D        | Found Zizaif's Weapon Boutique.
  1035 | D        | Found Ynoger's Antique Weapon Emporium.
  1035 | D        | Found Wiolumn's Antique Weapon Shop.
  1035 | D        | Found Qeewokhli's Antique Weapon Shoppe.
  1037 | D        | Bought a scroll of acquirement for 624 gold pieces
  1038 | D        | Acquired the sphere of Battle
  1038 | D        | Found the sphere of Battle
  1051 | D        | Found Gezanich's Armour Boutique.
  1052 | D        | Found Tosusk's Distillery.
  1052 | D        | Found Mishrobeo's Assorted Antiques.
  1053 | D        | Found Sipuc's Jewellery Emporium.
  1057 | D        | Bought a fine spear for 144 gold pieces
  1057 | D        | Identified the +9 spear of Ignis's Approval {elec, rC+
                  | rCorr} (You bought it in a shop in the Dungeon)
  1059 | D        | Bought an ebony dagger for 189 gold pieces
  1059 | D        | Identified the +1 dagger of Shame {pain, Will+} (You bought
                  | it in a shop in the Dungeon)
  1111 | D        | Noticed a shining eye
  1111 | D        | Noticed a shining eye
  1111 | D        | Noticed a shining eye
  1115 | D        | Paralysed by a floating eye for 2 turns
  1116 | D        | Noticed a shining eye
  1119 | D        | Gained mutation: You occasionally lose the ability to read
                  | scrolls when taking damage. [a shining eye]
  1122 | D        | Killed a shining eye
  1123 | D        | Reached skill level 10 in Conjurations
  1123 | D        | Noticed a shining eye
  1125 | D        | Killed a shining eye
  1153 | D        | Killed a shining eye
  1154 | D        | Reached XP level 11. HP: 63/63 MP: 25/29
  1170 | D        | Killed a shining eye
  1170 | D        | Received a gift from Sif Muna
  1171 | D        | Reached skill level 1 in Maces & Flails
  1171 | D        | Got vibrant book {god gift}
  1180 | D        | Reached skill level 15 in Fire Magic
  1192 | D        | Killed a shining eye
  1196 | D        | Noticed a shining eye
  1196 | D        | Gained mutation: You occasionally shout uncontrollably at
                  | your foes. [a shining eye]
  1206 | D        | Killed a shining eye
  1214 | D        | Noticed a shining eye
  1217 | D        | Noticed a shining eye
  1221 | D        | Killed a shining eye
  1222 | D        | Killed a shining eye
  1223 | D        | Reached skill level 5 in Invocations
  1232 | D        | Found Ofuatuto's Book Shoppe.
  1232 | D        | Found Ulassioc's Antique Armour Shop.
  1232 | D        | Found Uramoetz's Jewellery Emporium.
  1232 | D        | Found Mozy's General Store.
  1297 | D        | Learned a level 3 spell: Hailstorm
  1303 | D        | Learned a level 5 spell: Fireball
  1310 | D        | Learned a level 6 spell: Starburst
  1316 | D        | Learned a level 5 spell: Metabolic Englaciation
  1318 | D        | Noticed a demonic crawler
  1318 | D        | Noticed a demonic crawler
  1318 | D        | Noticed a demonic crawler
  1318 | D        | Noticed a demonic crawler
  1321 | D        | Killed a demonic crawler
  1321 | D        | Reached ****** piety under Sif Muna
  1321 | D        | Killed a demonic crawler
  1321 | D        | Killed a demonic crawler
  1321 | D        | Received a gift from Sif Muna
  1322 | D        | Reached skill level 16 in Fire Magic
  1323 | D        | Killed a demonic crawler
  1326 | D        | Got curious book {god gift}
  1483 | D        | Noticed a lindwurm
  1488 | D        | Killed a lindwurm
  1519 | D        | Received a gift from Sif Muna
  1523 | D        | Reached XP level 12. HP: 59/72 MP: 14/30
  1528 | D        | Got conspicuous book {god gift}
  1536 | D        | Learned a level 3 spell: Stone Arrow
  1539 | D        | Learned a level 2 spell: Call Imp
  1562 | D        | Noticed a 12-headed hydra
  1568 | D        | Killed a 12-headed hydra
  1569 | D        | Reached skill level 17 in Fire Magic
  1617 | D        | Received a gift from Sif Muna
  1618 | D        | Got worn book {god gift}
  1624 | D        | Learned a level 3 spell: Summon Guardian Golem
  1697 | D        | Bought 2 potions of resistance for 260 gold pieces
  1891 | D        | Noticed a daeva
  1902 | D        | Killed a daeva
  1998 | D        | Reached skill level 5 in Ice Magic
  2210 | D        | Reached skill level 10 in Shields
  2230 | D        | Identified the +1 hand axe "Edyetzy" {heavy, rF++ Int+3}
  2252 | D        | Noticed a fire giant
  2256 | D        | Noticed a fire giant
  2262 | D        | Noticed a fire giant
  2268 | D        | Killed a fire giant
  2274 | D        | Killed a fire giant
  2275 | D        | Reached skill level 18 in Fire Magic
  2280 | D        | Killed a fire giant
  2442 | D        | Noticed a fire giant
  2452 | D        | Killed a fire giant
  2453 | D        | Reached skill level 1 in Earth Magic
  2517 | D        | Noticed a deep elf annihilator
  2519 | D        | Killed a deep elf annihilator
  2519 | D        | Received a gift from Sif Muna
  2530 | D        | Reached skill level 15 in Conjurations
  2531 | D        | Got tattered book {god gift}
  2541 | D        | Reached XP level 13. HP: 59/78 MP: 3/31
  2594 | D        | Noticed a mummy priest
  2598 | D        | Killed a mummy priest
  2617 | D        | Noticed the 27-headed Lernaean hydra
  2630 | D        | Killed the 27-headed Lernaean hydra
  2630 | D        | Received a gift from Sif Muna
  2631 | D        | Reached skill level 10 in Invocations
  2631 | D        | Got rare book {god gift}
  2667 | D        | Noticed a deep elf master archer
  2669 | D        | Killed a deep elf master archer
  2889 | D        | Noticed a shadow dragon
  2889 | D        | Noticed a golden dragon
  2927 | D        | HP: 2/79 [golden dragon/bolt of cold (64)]
  2930 | D        | Killed a golden dragon
  2931 | D        | Reached skill level 10 in Ice Magic
  3196 | D        | Killed a shadow dragon
  3196 | D        | Received a gift from Sif Muna
  3208 | D        | Identified the +3 rapier "Ugguapt" {heavy, Str+8}
  3263 | D        | Found Wikann's Armour Shoppe.
  3542 | D        | Identified the +6 long sword "Earthworm" {heavy, Fly rElec
                  | Str+3}
  3775 | D        | Killed a lorocyproca
  4081 | D        | Bought a faintly glowing war axe for 229 gold pieces
  4081 | D        | Identified the +9 war axe of Trial by Ordeal {protect,
                  | Will++ Str+4 Dex-3} (You bought it in a shop in the
                  | Dungeon)
  4088 | D        | Bought an amulet of reflection for 300 gold pieces
  4088 | D        | Bought a +4 ring of protection for 360 gold pieces
  4111 | D        | Bought a potion of magic for 104 gold pieces
  4201 | D        | Bought an Inescapable Atlas for 192 gold pieces
  4204 | D        | Learned a level 2 spell: Blink
  4206 | D        | Bought a ring of wizardry for 420 gold pieces
  4214 | D        | Bought a scroll of acquirement for 624 gold pieces
  4216 | D        | Acquired a book of Blasting
  4232 | D        | Bought a book of the Spheres for 768 gold pieces
  4245 | D        | Learned a level 7 spell: Orb of Destruction
  4253 | D        | Bought a glowing kite shield for 135 gold pieces
  4303 | D        | Bought a potion of resistance for 130 gold pieces
  4447 | D        | Noticed Lom Lobon
  4652 | D        | Killed by an exploding ball lightning... set off by
                  | themself

Illustrated notes

Levels and vault maps discovered:
D:        dungeon_sprint_1 [red_sonja_temple_1, red_sonja_temple_small_1]

Skill      XL: |  1  2  3  4  5  6  7  8  9 10 11 12 13 |
---------------+----------------------------------------+-----
Stealth        | 3 4 5 6 |  6.7
Spellcasting   | 3 5 6 8 10 12 13 14 | 14.0
Conjurations   | 2 3 4 5 6 8 10 12 15 16 | 16.7
Fire Magic     | 4 6 8 9 10 12 13 14 16 18 | 18.9
Dodging        | 3 4 5 6 7 |  7.2
Unarmed Combat | 1 2 |  2.6
Throwing       | 1 2 3 4 |  4.4
Shields        | 2 4 7 9 11 | 11.6
Hexes          | 3 |  3.0
Fighting       | 1 2 3 |  3.8
Invocations    | 3 6 9 10 | 10.8
Maces & Flails | 1 |  1.9
Ice Magic      | 3 7 10 | 10.4
Earth Magic    | 1 2 |  2.3
Summonings     | |  0.2

Action                     |  1- 3 |  4- 6 |  7- 9 | 10-12 | 13-15 || total
---------------------------+-------+-------+-------+-------+-------++-------
  Melee: Unarmed           |     4 |       |       |       |       ||     4
         Tentacles         |     2 |       |       |     1 |       ||     3
         Constrict         |     1 |       |       |     2 |       ||     3
         Club              |     2 |       |       |     3 |       ||     5
         Spear             |       |       |       |     3 |       ||     3
         Staff             |       |       |       |       |     1 ||     1
  Throw: Dart              |       |       |     4 |     7 |       ||    11
   Cast: Foxfire           |     2 |     3 |     9 |    43 |    16 ||    73
         Scorch            |     3 |     5 |     9 |    48 |     1 ||    66
         Flame Wave        |       |     1 |     4 |    13 |       ||    18
         Inner Flame       |       |       |     1 |     8 |     1 ||    10
         Starburst         |       |       |       |    15 |    16 ||    31
         Metabolic Englaci |       |       |       |     9 |     4 ||    13
         Stone Arrow       |       |       |       |     8 |       ||     8
         Hailstorm         |       |       |       |     7 |       ||     7
         Fireball          |       |       |       |     2 |    16 ||    18
         Summon Guardian G |       |       |       |     1 |       ||     1
         Orb of Destructio |       |       |       |       |     9 ||     9
         Blink             |       |       |       |       |     1 ||     1
 Invoke: Channel Magic     |       |       |       |     1 |     3 ||     4
         Forget Spell      |       |       |       |       |     2 ||     2
  Evoke: Wand              |       |       |       |       |     1 ||     1
         Phantom mirror    |       |       |       |       |     1 ||     1
    Use: Potion            |     1 |       |       |     3 |     2 ||     6
         Scroll            |       |       |       |     2 |     5 ||     7
 Armour: Skin              |     3 |     2 |     5 |    51 |    14 ||    75
  Dodge: Dodged            |     1 |     4 |     4 |    26 |       ||    35
  Block: Buckler           |       |       |     1 |     3 |       ||     4

Table legend: (Time is in decaauts)
 A = Elapsed time spent in this place.
 B = Non-inter-level travel time spent in this place.
 C = Inter-level travel time spent in this place.
 D = Time resting spent in this place.
 E = Time spent auto-exploring this place.
 F = Levels seen in this place.
 G = Mean time per level.
                   A        B        C        D        E       F      G
               +--------+--------+--------+--------+--------+-----+--------+
         Total |   4641 |   4514 |    127 |   1849 |      0 |   1 | 4641.0 |
       Dungeon |   4641 |   4514 |    127 |   1849 |      0 |   1 | 4641.0 |
               +--------+--------+--------+--------+--------+-----+--------+

Top non-repeatable levels by time:
       D: 4641 daAuts
